 Dungeon Crawl Stone Soup version 0.29-a0-322-g68df515428 (webtiles) character file.

Game seed: 12205125994963387939

11257 experimilk the Cleaver (level 11, -17/213 HPs)
             Began as a Palentonga Fighter on Apr 8, 2022.
             Was a Believer of Wu Jian.
             Demolished by a polar bear (20 damage)
             ... in an ice cave.
             The game lasted 00:35:11 (14371 turns).

experimilk the Cleaver (Palentonga Fighter)        Turns: 14371, Time: 00:35:13

Health: -17/213    AC: 25    Str: 25    XL:     11   Next: 46%
Magic:  11/11      EV:  1    Int:  8    God:    Wu Jian [**....]
Gold:   389        SH:  0    Dex:  9    Spells: 10/10 levels left

rFire   x . .      SeeInvis +   i - +2 battleaxe
rCold   + + .      Faith    .   (shield currently unavailable)
rNeg    . . .      Spirit   .   (body armour currently unavailable)
rPois   +          Reflect  .   (helmet currently unavailable)
rElec   .          Harm     .   (cloak currently unavailable)
rCorr   .          Rampage  .   (gloves currently unavailable)
Will    .....      NoTele   +   (no barding)
Stlth   ..........              (no amulet)
HPRegen 0.45/turn               F - ring of ice
MPRegen 0.12/turn               l - ring of protection from cold

@: berserking, tree-form (expiring), frozen, very quick
A: stationary, stasis, torment immunity, boosted hp, large, rugged brown scales
3, see invisible, (deformed body), (roll 1), (armoured tail), (reflexive curl)
a: Renounce Religion, Wall Jump


You were in an ice cave.
You worshipped Wu Jian.
Wu Jian was pleased with you.
You were a tree.
You visited 3 branches of the dungeon, and saw 12 of its levels.
You also visited: Ice Cave.

You collected 689 gold pieces.
You spent 300 gold pieces at shops.

Inventory:

Hand Weapons
 a - a +2 battleaxe
 i - a +2 battleaxe (weapon)
 r - a +3 war axe
 v - a +4 war axe
 H - a +1 war axe of flaming
 N - a +0 battleaxe
Missiles
 g - 3 boomerangs (quivered)
 K - 3 boomerangs of dispersal
 Q - 2 silver javelins
Armour
 c - a +1 helmet (melded)
 p - a +0 cloak (melded)
 q - a +2 chain mail of fire resistance
 O - a +0 plate armour (melded)
Jewellery
 b - a ring of fire
 e - a +4 ring of evasion
 l - a ring of protection from cold (right branch)
 F - a ring of ice (left branch)
 M - a +4 ring of protection
 P - a ring of wizardry
 T - a ring of positive energy
 U - a ring of poison resistance
Wands
 w - a wand of acid (3)
 y - a wand of polymorph (22)
 z - a wand of paralysis (6)
 C - a wand of mindburst (25)
Scrolls
 k - 7 scrolls of teleportation
 m - a scroll of immolation {unknown}
 n - a scroll of enchant armour {unknown}
 t - a scroll of fog
 x - 2 scrolls of magic mapping
 B - 2 scrolls of summoning
 I - a scroll of holy word
 S - 2 scrolls of silence {unknown}
Potions
 d - a potion of magic
 f - a potion of invisibility
 h - 3 potions of curing
 j - 6 potions of brilliance
 u - a potion of lignification
 D - 3 potions of flight
 E - a potion of haste
 G - 2 potions of attraction
 J - a potion of degeneration {unknown}
 L - a potion of resistance


   Skills:
 + Level 9.2 Fighting
 * Level 12.3 Axes
 - Level 6.0 Throwing
 + Level 6.2 Armour
 - Level 2.4 Shields
 * Level 2.2 Evocations


You had 10 spell levels left.
You didn't know any spells.
Your spell library contained the following spells:

 Spells                   Type           Power      Damage    Failure   Level
 Sting                    Tmut/Pois      0%         1d3       41%         1
 Blink                    Tloc           0%         N/A       54%         2
 Poisonous Vapours        Pois/Air       0%         N/A       54%         2
 Call Canine Familiar     Summ           0%         N/A       78%         3
 Portal Projectile        Hex/Tloc       0%         N/A       78%         3
 Hailstorm                Conj/Ice       0%         3d3       99%         4
 Ice Form                 Ice/Tmut       0%         N/A       99%         4
 Leda's Liquefaction      Hex/Erth       0%         N/A       99%         4
 Olgreb's Toxic Radiance  Pois           0%         N/A       99%         4
 Manifold Assault         Tloc           0%         N/A       100%        5
 Simulacrum               Ice/Necr       0%         N/A       100%        6
 Storm Form               Tmut/Air       0%         N/A       100%        7


Dungeon Overview and Level Annotations

Branches:
Dungeon (10/15)            Temple (1/1) D:7            Lair (1/6) D:8
    Orc (0/2) D:10          IceCv (1/1)

Altars:
Ashenzari
Cheibriados
Dithmenos
Elyvilon
Fedhas
Gozag
Hepliaklqana
Kikubaaqudgha
Makhleb
Nemelex Xobeh
Okawaru
Qazlal
Ru
Sif Muna
Trog
Uskayaw
Vehumet
Wu Jian
Xom
Yredelemnul
Zin
The Shining One

Shops:
D:8 =


Innate Abilities, Weirdness & Mutations

You are a tree.
Your roots penetrate the ground, keeping you stationary.
You cannot be teleported.
You are immune to unholy pain and torment.
Your maximum health is greatly increased.
Your equipment is partially melded.
(You are completely covered in rugged brown scales. (AC +3, +7% HP))
You have supernaturally acute eyesight. (SInv)
((Armour fits poorly on your strangely shaped body.))
((You can roll at nearby foes to attack.))
((You have a long armoured tail.))
((You curl defensively after being hit. (AC +7*)))


Message History

You feel better. The polar bear bites you.
* * * LOW HITPOINT WARNING * * *
The polar bear claws you but does no damage. x2
The rime drake barely misses you.
The rime drake bites you but does no damage.
The polar bear bites you.
* * * LOW HITPOINT WARNING * * *
The polar bear claws you but does no damage. x2
The rime drake bites you.
* * * LOW HITPOINT WARNING * * *
You feel better. The ice encasing you melts away.
The polar bear bites you but does no damage.
The polar bear claws you.
* * * LOW HITPOINT WARNING * * *
The polar bear claws you but does no damage.
The rime drake bites you but does no damage.
The rime drake breathes ice at you. The flash freeze hits you.
You partially resist.
* * * LOW HITPOINT WARNING * * *
You are encased in ice.
A red film seems to cover your vision as you go berserk!
You feel yourself moving faster!
You feel mighty! The polar bear bites you!!
* * * LOW HITPOINT WARNING * * *
The polar bear claws you.
* * * LOW HITPOINT WARNING * * *
The polar bear claws you but does no damage.
The rime drake bites you but does no damage.
The yak snorts and paws the ground.
The rime drake bites you but does no damage.
The polar bear bites you!
* * * LOW HITPOINT WARNING * * *
The polar bear claws you but does no damage. x2
You barely miss the polar bear.
The polar bear is almost dead.
You miss the rime drake. You slash the rime drake!
Your transformation is almost over.
The rime drake bites you but does no damage. x2
The polar bear bites you!!
You die...

#####
##...##
##..∩..##
#.......#
#...÷...#
##.÷♣..##
##khk##
##YY.#
#...##
#...##
##...##
##(..#
##(.#
#..##


You could see a polar bear (berserk, corroded), 2 yaks and 2 rime drakes.

Vanquished Creatures
  A hydra (Lair:1)
  Erica (D:8)
  A rime drake (IceCv)
  A komodo dragon (D:8)
  3 trolls
  2 polar bears (IceCv)
  25 yaks
  A vampire (D:10)
  A wyvern (D:8)
  Eustachio (D:4)
  3 wargs (D:10)
  4 water moccasins
  5 orc warriors
  A sky beast (D:6)
  3 black bears
  2 wolves (IceCv)
  3 centaurs
  A phantom (D:5)
  Blork the orc (D:4)
  A gnoll sergeant (D:8)
  4 bullfrogs
  2 scorpions
  15 wights
  6 killer bees (D:9)
  3 howler monkeys
  An electric eel (D:10)
  3 hounds
  5 jellies
  An iguana (D:3)
  3 orc wizards
  Ijyb (D:3)
  8 adders
  11 gnolls
  A shadow imp (D:5)
  2 white imps (D:6)
  2 ufetubi
  A worm (D:3)
  5 dart slugs
  27 orcs
  6 endoplasms
  6 giant cockroaches
  11 goblins
  12 hobgoblins
  4 jackals (D:4)
  4 quokkas
  6 ball pythons
  5 bats
  4 frilled lizards
  5 kobolds
  6 rats
231 creatures vanquished.

Vanquished Creatures (collateral kills)
  A wight (D:6)
1 creature vanquished.

Vanquished Creatures (others)
  11 fungi (D:8)
  12 plants
23 creatures vanquished.

Grand Total: 255 creatures vanquished

Notes
Turn   | Place    | Note
-------+----------+-------------------------------------------
     0 | D:1      | experimilk the Palentonga Fighter began the quest for the
                  | Orb.
     0 | D:1      | Reached XP level 1. HP: 19/19 MP: 1/1
    66 | D:1      | Reached XP level 2. HP: 22/25 MP: 2/2
    74 | D:1      | Reached skill level 3 in Axes
   461 | D:1      | Found a faded altar of an unknown god.
   760 | D:2      | Reached XP level 3. HP: 30/31 MP: 3/3
   892 | D:1      | Reached skill level 4 in Axes
  1356 | D:2      | Reached XP level 4. HP: 32/37 MP: 4/4
  2189 | D:3      | Reached skill level 5 in Axes
  2280 | D:3      | Reached XP level 5. HP: 37/43 MP: 5/5
  2382 | D:3      | Noticed Ijyb
  2404 | D:3      | Killed Ijyb
  2923 | D:4      | Noticed Eustachio
  2948 | D:3      | Reached skill level 6 in Axes
  3298 | D:4      | Reached XP level 6. HP: 50/50 MP: 6/6
  3324 | D:4      | Noticed Blork the orc
  3329 | D:4      | Killed Blork the orc
  3330 | D:4      | Reached skill level 1 in Throwing
  3606 | D:4      | Killed Eustachio
  3607 | D:4      | Gained mutation: You curl defensively after being hit. (AC
                  | +7*) [Palentonga growth]
  3607 | D:4      | Reached XP level 7. HP: 49/55 MP: 7/7
  3637 | D:4      | Paralysed by a goblin for 2 turns
  4022 | D:4      | Found a radiant altar of Vehumet.
  4277 | D:5      | Entered Level 5 of the Dungeon
  4483 | D:5      | Reached skill level 7 in Axes
  5198 | D:6      | Reached XP level 8. HP: 25/63 MP: 8/8
  5476 | D:6      | Reached skill level 8 in Axes
  5769 | D:6      | Reached skill level 5 in Fighting
  6445 | D:7      | Reached skill level 9 in Axes
  6983 | D:6      | Reached XP level 9. HP: 36/73 MP: 9/9
  7660 | D:7      | Found a staircase to the Ecumenical Temple.
  7669 | Temple   | Entered the Ecumenical Temple
  7891 | Temple   | Became a worshipper of the Wu Jian Council
  8166 | D:8      | Noticed Erica
  8174 | D:8      | Killed Erica
  8175 | D:8      | Reached skill level 10 in Axes
  8541 | D:8      | Reached skill level 5 in Throwing
  8553 | D:8      | Reached XP level 10. HP: 84/84 MP: 10/10
  8848 | D:8      | Found Umankiz's Jewellery Shop.
  9456 | D:8      | Found a staircase to the Lair.
  9533 | D:8      | Reached * piety under Wu Jian
 10337 | D:9      | Reached skill level 11 in Axes
 10736 | D:9      | Reached skill level 5 in Armour
 12217 | D:10     | Entered Level 10 of the Dungeon
 12320 | D:10     | Reached XP level 11. HP: 73/92 MP: 11/11
 12493 | D:10     | Reached skill level 12 in Axes
 12494 | D:10     | Reached ** piety under Wu Jian
 12848 | D:10     | Found a staircase to the Orcish Mines.
 13655 | D:8      | Bought a ring of poison resistance for 300 gold pieces
 13671 | Lair:1   | Entered Level 1 of the Lair of Beasts
 13705 | Lair:1   | Noticed a seven-headed hydra
 13717 | Lair:1   | Killed a two-headed hydra
 13718 | Lair:1   | Reached skill level 1 in Evocations
 13961 | Lair:1   | Found a frozen archway.
 13973 | IceCv    | Entered an ice cave
 14364 | IceCv    | HP: 5/142 [polar bear (4)]
 14370 | IceCv    | HP: 3/213 [polar bear (8)]
 14371 | IceCv    | Demolished by a polar bear

Illustrated notes

Levels and vault maps discovered:
D:1:      lightli_arrival_maybe_door_vault, layout_rooms, basic_ecumenical_altar
D:2:      layout_loops_ring, st_stairs_4, minmay_guardbox
D:3:      minmay_bubble_buster, layout_basic, due_unseen_surprise, uniq_ijyb
D:4:      layout_loops_ring, lemuel_coloured_pillars_altar, uniq_blork_the_orc,
          uniq_eustachio
D:5:      layout_gridville
D:6:      layout_basic, hex_medium, serial_park_tiny_2
D:7:      layout_cave_pools, temple_hall
D:8:      minmay_spotlight, layout_rooms, grunt_lair_entry_orc_guard_hut,
          serial_co_window_serial, co_window_of_opportunity_a,
          co_window_paths_a, co_window_corner_a, co_window_of_opportunity_a,
          co_window_paths_b, co_window_broadway_b, co_window_2corner,
          co_window_corner_b, co_window_unsneaky_path_c,
          co_window_unsneaky_path_d, co_window_2corner, co_window_paths_e,
          glass_columns_a, glass_columns_a, glass_columns_a, glass_columns_a,
          serial_shops, nicolae_shop_competitors_out_of_business,
          minmay_liquid_box, uniq_erica
D:9:      layout_irregular_city
D:10:     layout_stronghold, david_orc_1_choice, serial_bayou_ford_a
Temple:   mainiacjoe_temple_archimedes_tessellation
Lair:1:   layout_regular_city, portal_ice_cave_entry_ice_simulacra,
          infiniplex_staircase_pool_2, uniq_gastronok
IceCv:    ice_cave_small_giant

Skill      XL: |  1  2  3  4  5  6  7  8  9 10 11 |
---------------+----------------------------------+-----
Axes           | 3 4 5 6 7 9 10 11 12 | 12.3
Throwing       | 1 3 5 6 |  6.0
Armour         | 3 4 5 6 |  6.2
Fighting       | 4 6 7 8 9 |  9.2
Evocations     | 2 |  2.2
Shields        | |  2.4

Action                   |  1- 3 |  4- 6 |  7- 9 | 10-12 || total
-------------------------+-------+-------+-------+-------++-------
Melee: War axe           |    82 |    47 |       |    10 ||   139
       Tailslap          |     8 |    12 |    18 |    33 ||    71
       Battleaxe         |       |    68 |   150 |   256 ||   474
       Unarmed           |       |    14 |       |       ||    14
Throw: Boomerang         |       |     1 |    22 |    10 ||    33
       Javelin           |       |       |     3 |     4 ||     7
Invok: Lunge             |       |       |       |     3 ||     3
       Whirlwind         |       |       |       |     2 ||     2
 Abil: Rolling Charge    |    20 |    21 |    31 |    32 ||   104
Evoke: Wand              |       |       |       |     4 ||     4
  Use: Scroll            |     2 |     7 |     7 |    11 ||    27
       Potion            |       |     2 |     1 |    15 ||    18
Armor: Scale mail        |    34 |     7 |       |       ||    41
       Ring mail         |       |    25 |    40 |       ||    65
       Chain mail        |       |       |    33 |    66 ||    99
       Skin              |       |       |       |   123 ||   123
       Plate armour      |       |       |       |    68 ||    68
Dodge: Dodged            |    51 |    81 |   110 |   127 ||   369
Block: Buckler           |    24 |    12 |       |       ||    36

Table legend: (Time is in decaauts)
 A = Elapsed time spent in this place.
 B = Non-inter-level travel time spent in this place.
 C = Inter-level travel time spent in this place.
 D = Time resting spent in this place.
 E = Time spent auto-exploring this place.
 F = Levels seen in this place.
 G = Mean time per level.
                   A        B        C        D        E       F      G
               +--------+--------+--------+--------+--------+-----+--------+
         Total |  14541 |  14146 |    395 |   6343 |   4000 |  13 | 1118.5 |
       Dungeon |  13549 |  13154 |    395 |   5793 |   3830 |  10 | 1354.9 |
        Temple |    293 |    293 |      0 |      0 |    170 |   1 |  293.0 |
          Lair |    298 |    298 |      0 |    208 |      0 |   1 |  298.0 |
      Ice Cave |    400 |    400 |      0 |    342 |      0 |   1 |  400.0 |
               +--------+--------+--------+--------+--------+-----+--------+

Top non-repeatable levels by time:
     D:8: 2505 daAuts
     D:6: 1739 daAuts
     D:9: 1710 daAuts
    D:10: 1408 daAuts
     D:7: 1202 daAuts
     D:3: 1174 daAuts
     D:1: 1169 daAuts
     D:4: 1074 daAuts
     D:2: 939 daAuts
     D:5: 624 daAuts
   IceCv: 400 daAuts
  Lair:1: 298 daAuts
  Temple: 293 daAuts
